NYP
CHICAGO (NYP) WHITE SOX @ CONNECTICUT TIGERS
05/10/2045
 
TOP OF THE 1ST
Chicago (NYP) White Sox batting - Pitching for Connecticut Tigers : LHP Ben Saunders
Pitching: LHP Ben Saunders
Batting: RHB Vic Lucatero 0-0: Ball
1-0: DOUBLE (Line Drive, 7LS, EV 94.4 MPH)
Batting: RHB Mark Jones 0-0: Ball
1-0: Ground out U3 (Groundball, 34S, EV 68.1 MPH)
Vic Lucatero to third
Batting: LHB Josh Pittman 0-0: Ball
1-0: Called Strike
1-1: Swinging Strike
1-2: Ball
2-2: Foul Ball, location: 2F
2-2: Strikes out swinging
Batting: LHB Matt Hyde 0-0: Hit by Pitch
Batting: RHB Yorkis Saiki 0-0: Ball
1-0: Foul Ball, location: 2F
1-1: Swinging Strike
1-2: Strikes out swinging
Top of the 1st over - 0 runs, 1 hit, 0 errors, 2 left on base; Chicago (NYP) 0 - Connecticut 0
BOTTOM OF THE 1ST
Connecticut Tigers batting - Pitching for Chicago (NYP) White Sox : LHP Shinkichi Kawase
Pitching: LHP Shinkichi Kawase
Batting: RHB Tanner Purchase 0-0: SINGLE (Groundball, 34D, EV 96.9 MPH)
Batting: RHB John Welch 0-0: Reached on error, E6 (Groundball, 6, EV 85.0 MPH)
Tanner Purchase to second
Batting: SHB Ross Holland 0-0: Fielders Choice at 2nd, 4-6 (Groundball, 4M, EV 110.0 MPH)
Tanner Purchase to third
Batting: RHB Eric Angelle 0-0: Called Strike
0-1: Ball
1-1: Ball
Wild Pitch!
Tanner Purchase scores
Ross Holland to second
2-1: Ground out 6-3 (Groundball, 6, EV 104.4 MPH)
Batting: SHB Sean Foley 0-0: Ball
1-0: Swinging Strike
1-1: Hit by Pitch
Batting: RHB Jordan Hall 0-0: Swinging Strike
0-1: Ball
1-1: Foul Ball, location: 2F
1-2: Ball
2-2: Foul Ball, location: 2F
2-2: Strikes out swinging
Bottom of the 1st over - 1 run, 1 hit, 1 error, 2 left on base; Chicago (NYP) 0 - Connecticut 1
TOP OF THE 2ND
Chicago (NYP) White Sox batting - Pitching for Connecticut Tigers : LHP Ben Saunders
Batting: LHB Ryan Dyal 0-0: Ball
1-0: Swinging Strike
1-1: Called Strike
1-2: Ball
2-2: Foul Ball, location: 2F
2-2: Ball
3-2: Strikes out swinging
Batting: RHB Victor Orozco 0-0: Ball
1-0: Ball
2-0: Called Strike
2-1: Foul Ball, location: 2F
2-2: Ball
3-2: Foul Ball, location: 2F
3-2: SINGLE (Line Drive, 7S, EV 93.8 MPH)
Batting: LHB Larry Myers 0-0: Called Strike
0-1: Foul Ball, location: 2F
0-2: Ball
1-2: Strikes out swinging
Batting: LHB Adam Tarbutton 0-0: Ball
1-0: Called Strike
1-1: Ground out 6-3 (Groundball, 6S, EV 88.1 MPH)
Top of the 2nd over - 0 runs, 1 hit, 0 errors, 1 left on base; Chicago (NYP) 0 - Connecticut 1
BOTTOM OF THE 2ND
Connecticut Tigers batting - Pitching for Chicago (NYP) White Sox : LHP Shinkichi Kawase
Batting: RHB Travis Newton 0-0: Foul Ball, location: 2F
0-1: Ball
1-1: Called Strike
1-2: Strikes out swinging
Batting: LHB Miguel Bojorquez 0-0: Called Strike
0-1: Ball
1-1: Ball
2-1: Swinging Strike
2-2: Strikes out swinging
Batting: LHB Tokugoro Adachi 0-0: Swinging Strike
0-1: Ball
1-1: Swinging Strike
1-2: Foul Ball, location: 2F
1-2: Strikes out swinging
Bottom of the 2nd over - 0 runs, 0 hits, 0 errors, 0 left on base; Chicago (NYP) 0 - Connecticut 1
TOP OF THE 3RD
Chicago (NYP) White Sox batting - Pitching for Connecticut Tigers : LHP Ben Saunders
Batting: RHB Vic Lucatero 0-0: Foul Ball, location: 2F
0-1: Ball
1-1: Ball
2-1: Ball
3-1: Base on Balls
Batting: RHB Mark Jones 0-0: Ball
1-0: SINGLE (Flyball, 56D, EV 88.1 MPH)
Vic Lucatero to second
Batting: LHB Josh Pittman 0-0: Ball
1-0: Foul Ball, location: 2F
1-1: Ball
2-1: Ball
3-1: Foul Ball, location: 2F
3-2: Fielders Choice at 2nd, 4-6 (Groundball, 4, EV 90.6 MPH)
Vic Lucatero to third
Batting: LHB Matt Hyde 0-0: Swinging Strike
0-1: Called Strike
0-2: Strikes out swinging
Batting: RHB Yorkis Saiki 0-0: Fly out, F9 (Line Drive, 9LM, EV 98.8 MPH)
Top of the 3rd over - 0 runs, 1 hit, 0 errors, 2 left on base; Chicago (NYP) 0 - Connecticut 1
BOTTOM OF THE 3RD
Connecticut Tigers batting - Pitching for Chicago (NYP) White Sox : LHP Shinkichi Kawase
Batting: RHB Tanner Purchase 0-0: Ball
1-0: DOUBLE (Flyball, 8RD, EV 99.4 MPH)
Batting: RHB John Welch 0-0: Ground out 4-3 (Groundball, 4, EV 99.4 MPH)
Tanner Purchase to third
Batting: SHB Ross Holland 0-0: Ball
1-0: Ball
2-0: Foul Ball, location: 2F
2-1: Called Strike
2-2: Strikes out swinging
Batting: RHB Eric Angelle 0-0: Swinging Strike
0-1: Foul Ball, location: 2F
0-2: Ground out 4-3 (Groundball, 34, EV 91.2 MPH)
Bottom of the 3rd over - 0 runs, 1 hit, 0 errors, 1 left on base; Chicago (NYP) 0 - Connecticut 1
TOP OF THE 4TH
Chicago (NYP) White Sox batting - Pitching for Connecticut Tigers : LHP Ben Saunders
Batting: LHB Ryan Dyal 0-0: Ball
1-0: TRIPLE (Flyball, 78XD, EV 111.2 MPH)
Batting: RHB Victor Orozco 0-0: Called Strike
0-1: Foul Ball, location: 2F
0-2: SINGLE (Groundball, 6D, EV 105.0 MPH)
Ryan Dyal scores
Batting: LHB Larry Myers 0-0: Fly out, F8 (Flyball, 8RD, EV 96.2 MPH)
Batting: LHB Adam Tarbutton 0-0: Swinging Strike
0-1: Fly out, F3 (Popup, 4S, EV 75.0 MPH)
Batting: RHB Vic Lucatero 0-0: Foul Ball, location: 2F
0-1: Swinging Strike
0-2: Ball
1-2: Foul Ball, location: 2F
1-2: Strikes out swinging
Top of the 4th over - 1 run, 2 hits, 0 errors, 1 left on base; Chicago (NYP) 1 - Connecticut 1
BOTTOM OF THE 4TH
Connecticut Tigers batting - Pitching for Chicago (NYP) White Sox : LHP Shinkichi Kawase
Batting: SHB Sean Foley 0-0: Swinging Strike
0-1: Ball
1-1: Ball
2-1: Foul Ball, location: 2F
2-2: Ball
3-2: Base on Balls
Batting: RHB Jordan Hall 0-0: Called Strike
Sean Foley steals 2nd base (no throw)
0-1: Swinging Strike
0-2: Ball
1-2: Ball
2-2: Ball
3-2: Strikes out swinging
Batting: RHB Travis Newton 0-0: Called Strike
0-1: Ball
1-1: Foul Ball, location: 2F
1-2: Strikes out swinging
Batting: LHB Miguel Bojorquez 0-0: Ball
1-0: Ball
2-0: SINGLE (Groundball, 56D, EV 98.8 MPH)
Sean Foley to third
Runner from 3rd tries for Home, SAFE, throw by LF to home
Batting: LHB Tokugoro Adachi 0-0: Swinging Strike
0-1: Ball
1-1: Fielders Choice at 2nd, 6-4 (Groundball, 6, EV 78.1 MPH)
Bottom of the 4th over - 1 run, 1 hit, 0 errors, 1 left on base; Chicago (NYP) 1 - Connecticut 2
TOP OF THE 5TH
Chicago (NYP) White Sox batting - Pitching for Connecticut Tigers : LHP Ben Saunders
Batting: RHB Mark Jones 0-0: Ball
1-0: Called Strike
1-1: Swinging Strike
1-2: Ball
2-2: Ground out 5-3 (Groundball, 5, EV 102.5 MPH)
Batting: LHB Josh Pittman 0-0: Ball
1-0: Ball
2-0: Called Strike
2-1: Foul Ball, location: 2F
2-2: Strikes out looking
Batting: LHB Matt Hyde 0-0: DOUBLE (Line Drive, 78D, EV 104.4 MPH)
Pitching: RHP Juan Murillo
Batting: RHB Yorkis Saiki 0-0: Called Strike
0-1: Ball
1-1: Ball
2-1: Ground out U3 (Groundball, 34S, EV 83.1 MPH)
Top of the 5th over - 0 runs, 1 hit, 0 errors, 1 left on base; Chicago (NYP) 1 - Connecticut 2
BOTTOM OF THE 5TH
Connecticut Tigers batting - Pitching for Chicago (NYP) White Sox : LHP Shinkichi Kawase
Batting: RHB Tanner Purchase 0-0: Ball
1-0: Ball
2-0: Ground out 5-3 (Groundball, 56S, EV 85.6 MPH)
Batting: RHB John Welch 0-0: Called Strike
0-1: Ball
1-1: Foul Ball, location: 2F
1-2: SINGLE (Groundball, 6M, EV 100.6 MPH) (infield hit)
Batting: SHB Ross Holland Balk!
John Welch to second
0-0: Called Strike
0-1: Foul Ball, location: 2F
0-2: Strikes out swinging
Batting: RHB Eric Angelle 0-0: Called Strike
0-1: Ball
1-1: Foul Ball, location: 2F
1-2: Ball
2-2: Ball
3-2: Foul Ball, location: 2F
3-2: Foul Ball, location: 2F
3-2: Strikes out swinging
Bottom of the 5th over - 0 runs, 1 hit, 0 errors, 1 left on base; Chicago (NYP) 1 - Connecticut 2
TOP OF THE 6TH
Chicago (NYP) White Sox batting - Pitching for Connecticut Tigers : RHP Juan Murillo
Batting: LHB Ryan Dyal 0-0: Swinging Strike
0-1: Ball
1-1: DOUBLE (Line Drive, 78D, EV 109.4 MPH)
Batting: RHB Victor Orozco 0-0: Foul Ball, location: 2F
0-1: Foul Ball, location: 2F
0-2: Hit by Pitch
Batting: LHB Larry Myers 0-0: 3-RUN HOME RUN (Flyball, 9D, EV 103.8 MPH), Distance : 399 ft
Pitching: RHP Dan Keener
Batting: LHB Adam Tarbutton 0-0: Foul Ball, location: 2F
0-1: Ball
1-1: Swinging Strike
1-2: Strikes out swinging
Batting: RHB Vic Lucatero 0-0: Called Strike
0-1: Swinging Strike
0-2: SINGLE (Line Drive, 7S, EV 88.1 MPH)
Batting: RHB Mark Jones 0-0: Called Strike
0-1: Ball
1-1: Foul Ball, location: 2F
1-2: Ball
2-2: Foul Ball, location: 2F
2-2: Strikes out swinging
Batting: LHB Josh Pittman 0-0: Ball
1-0: Ball
2-0: Ball
Vic Lucatero is caught stealing 2nd base 2-6
Top of the 6th over - 3 runs, 3 hits, 0 errors, 0 left on base; Chicago (NYP) 4 - Connecticut 2
BOTTOM OF THE 6TH
Connecticut Tigers batting - Pitching for Chicago (NYP) White Sox : LHP Shinkichi Kawase
Batting: SHB Sean Foley 0-0: Ground out 6-3 (Groundball, 6, EV 87.5 MPH)
Batting: RHB Jordan Hall 0-0: Ball
1-0: Ball
2-0: Called Strike
2-1: Ball
3-1: Swinging Strike
3-2: Base on Balls
Batting: RHB Travis Newton 0-0: Called Strike
0-1: Ball
1-1: Foul Ball, location: 2F
1-2: Strikes out looking
Batting: LHB Miguel Bojorquez 0-0: Ball
Wild Pitch!
Jordan Hall to second
1-0: Ball
2-0: Ball
3-0: Base on Balls
Pitching: RHP Adam Rasmussen
Batting: LHB Tokugoro Adachi 0-0: Called Strike
0-1: Ball
1-1: Fly out, F9 (Flyball, 89D, EV 90.6 MPH)
Bottom of the 6th over - 0 runs, 0 hits, 0 errors, 2 left on base; Chicago (NYP) 4 - Connecticut 2
TOP OF THE 7TH
Chicago (NYP) White Sox batting - Pitching for Connecticut Tigers : RHP Dan Keener
Batting: LHB Josh Pittman 0-0: Called Strike
0-1: Called Strike
0-2: Ball
1-2: Foul Ball, location: 2F
1-2: Strikes out swinging
Batting: LHB Matt Hyde 0-0: Ball
1-0: Called Strike
1-1: Ball
2-1: Foul Ball, location: 2F
2-2: Strikes out swinging
Batting: RHB Yorkis Saiki 0-0: Ball
1-0: Called Strike
1-1: Ball
2-1: Ball
3-1: Base on Balls
Batting: LHB Ryan Dyal 0-0: Ball
1-0: Ball
2-0: Called Strike
2-1: Ground out 5-3 (Groundball, 56S, EV 66.9 MPH)
Top of the 7th over - 0 runs, 0 hits, 0 errors, 1 left on base; Chicago (NYP) 4 - Connecticut 2
BOTTOM OF THE 7TH
Connecticut Tigers batting - Pitching for Chicago (NYP) White Sox : RHP Adam Rasmussen
Batting: RHB Tanner Purchase 0-0: SINGLE (Line Drive, 89M, EV 108.8 MPH)
Batting: RHB John Welch 0-0: Ball
Tanner Purchase steals 2nd base
1-0: Ground out 5-3 (Groundball, 5S, EV 70.0 MPH)
Tanner Purchase to third
Batting: SHB Ross Holland 0-0: Ball
1-0: SINGLE (Flyball, 8LS, EV 96.2 MPH)
Tanner Purchase scores
Batting: RHB Eric Angelle 0-0: Ball
Ross Holland is caught stealing 2nd base 2-4
1-0: Foul Ball, location: 2F
1-1: Ball
2-1: Ball
3-1: Foul Ball, location: 2F
3-2: Strikes out swinging
Bottom of the 7th over - 1 run, 2 hits, 0 errors, 0 left on base; Chicago (NYP) 4 - Connecticut 3
TOP OF THE 8TH
Chicago (NYP) White Sox batting - Pitching for Connecticut Tigers : RHP Dan Keener
Pitching: RHP Tony Kepp
Batting: RHB Victor Orozco 0-0: Called Strike
0-1: Called Strike
0-2: Ball
1-2: Strikes out swinging
Batting: LHB Larry Myers 0-0: Ball
1-0: Foul Ball, location: 2F
1-1: Called Strike
1-2: Ball
2-2: Foul Ball, location: 2F
2-2: Ball
3-2: Foul Ball, location: 2F
3-2: Fly out, F8 (Flyball, 8LM, EV 80.6 MPH)
Batting: LHB Adam Tarbutton 0-0: Ball
1-0: Ball
2-0: Ball
3-0: Called Strike
3-1: Base on Balls
Batting: RHB Vic Lucatero 0-0: Ball
1-0: Ball
Adam Tarbutton steals 2nd, throwing error, E2
Adam Tarbutton to third
2-0: Foul Ball, location: 2F
2-1: SINGLE (Line Drive, 4D, EV 96.2 MPH)
Adam Tarbutton scores
Batting: RHB Mark Jones 0-0: Ball
Vic Lucatero steals 2nd base
1-0: Swinging Strike
1-1: Foul Ball, location: 2F
1-2: Ground out 5-3 (Groundball, 56, EV 108.1 MPH)
Top of the 8th over - 1 run, 1 hit, 1 error, 1 left on base; Chicago (NYP) 5 - Connecticut 3
BOTTOM OF THE 8TH
Connecticut Tigers batting - Pitching for Chicago (NYP) White Sox : RHP Adam Rasmussen
Batting: SHB Sean Foley 0-0: Foul Ball, location: 2F
0-1: Ball
1-1: Called Strike
1-2: Foul Ball, location: 2F
1-2: Ball
2-2: SINGLE (Flyball, 8LS, EV 94.4 MPH)
Batting: RHB Jordan Hall 0-0: Foul Ball, location: 2F
0-1: Hit by Pitch
Sean Foley to second
Batting: RHB Travis Newton 0-0: Sac Bunt to 5S - play at first, batter safe!
Sean Foley to third
Jordan Hall to second
Pitching: LHP Martin Cotado
Batting: RHB John Evancho 0-0: DOUBLE (Line Drive, 89D, EV 106.9 MPH)
Sean Foley scores
Jordan Hall scores
Travis Newton to third
Batting: LHB Tokugoro Adachi 0-0: Ball
1-0: Called Strike
1-1: Swinging Strike
1-2: Strikes out swinging
Batting: RHB Tanner Purchase 0-0: Intentional Walk
Pitching: RHP Greg Waters
Batting: RHB John Welch 0-0: Called Strike
0-1: Called Strike
0-2: Strikes out looking
Batting: SHB Ross Holland 0-0: Ball
1-0: Foul Ball, location: 2F
1-1: Foul Ball, location: 2F
1-2: Foul Ball, location: 2F
1-2: SINGLE (Groundball, 6MD, EV 100.6 MPH) (infield hit)
Travis Newton scores
John Evancho to third
Tanner Purchase to second
Batting: RHB Eric Angelle 0-0: Ground out 4-3 (Groundball, 4, EV 109.4 MPH)
Bottom of the 8th over - 3 runs, 4 hits, 0 errors, 3 left on base; Chicago (NYP) 5 - Connecticut 6
TOP OF THE 9TH
Chicago (NYP) White Sox batting - Pitching for Connecticut Tigers : RHP Tony Kepp
Pitching: RHP Luis Brown
Batting: LHB Josh Pittman 0-0: Ball
1-0: Swinging Strike
1-1: Foul Ball, location: 2F
1-2: Ball
2-2: Strikes out looking
Batting: LHB Matt Hyde 0-0: Swinging Strike
0-1: Ball
1-1: Ball
2-1: Foul Ball, location: 2F
2-2: Ball
3-2: Foul Ball, location: 2F
3-2: Strikes out looking
Pinch Hitting: LHB Herkko Haavikko 0-0: Ball
1-0: Ball
2-0: Ball
3-0: Called Strike
3-1: Base on Balls
Batting: LHB Ryan Dyal 0-0: Foul Ball, location: 2F
0-1: Ball
1-1: Foul Ball, location: 2F
1-2: SINGLE (Groundball, 56D, EV 105.0 MPH)
Herkko Haavikko to second
Pinch Hitting: LHB Justin Stickney 0-0: Called Strike
0-1: Fly out, F6 (Line Drive, 4M, EV 78.1 MPH)
Top of the 9th over - 0 runs, 1 hit, 0 errors, 2 left on base; Chicago (NYP) 5 - Connecticut 6
Wednesday, June 22nd , 2022 - OOTP Baseball 23.4 Build 64